 Dungeon Crawl Stone Soup version 0.31-a0-460-g9e667d4245 (webtiles) character file.

Game seed: 3808204557353527831

5054 CraigForest the Grappler (level 10, -7/66 (69) HPs)
             Began as a Red Draconian Shapeshifter on Aug 5, 2023.
             Was a Follower of Hepliaklqana.
             Mangled by a wight
             ... wielding a +4 halberd of freezing
              (11 damage)
             ... on level 9 of the Dungeon.
             The game lasted 00:33:08 (6794 turns).

CraigForest the Grappler (DrSh)                     Turns: 6794, Time: 00:33:10

HP:   -7/66 (69)    AC: 12    Str: 23    XL:     10   Next: 31%
MP:   10/10         EV:  7    Int: 14    God:    Hepliaklqana [*.....]
Gold: 617           SH:  0    Dex: 11    Spells: 9/9 levels left

rFire   + +          .
                       - Unarmed
rCold   . . .        (no shield)
rNeg    . . .        (body armour unavailable)
rPois   .            K - +0 hat {Will+}
rElec   .            o - +0 cloak
rCorr   .            H - +0 pair of gloves
SInv    .            v - +2 pair of boots
Will    ++...        w - amulet of regeneration
Stlth   +            d - ring "Wynad Tobb" {rF+ Int+6}
HPRegen 1.11/turn    j - ring of willpower
MPRegen 0.12/turn

%: no passive effects
@: held, lightly drained
A: reduced essence, breathe fire, AC +7, unfitting armour, fire resistance 1,
cold-blooded
a: Breathe Fire, Renounce Religion, Recall Ancestor, Ancestor Identity


You were on level 9 of the Dungeon.
You worshipped Hepliaklqana.
Hepliaklqana was aware of your devotion.
You visited 2 branches of the dungeon, and saw 10 of its levels.
You also visited: Sewer.

You collected 617 gold pieces.

Inventory:

Hand Weapons
 E - a +4 dagger of freezing
 O - a +4 scimitar of flaming
Missiles
 q - 4 boomerangs
 r - 5 darts of dispersal
 B - 2 datura-tipped darts
 C - 4 javelins
Armour
 h - a +0 pair of boots
 o - a +0 cloak (worn)
 u - a +0 buckler
 v - a +2 pair of boots (worn)
 H - a +0 pair of gloves (worn)
 J - a +0 kite shield
 K - a +0 hat of willpower (worn)
Jewellery
 d - the ring "Wynad Tobb" (left hand) {rF+ Int+6}
   (You acquired it on level 4 of the Dungeon)

   [ring of intelligence]

   Int:       It affects your intelligence (+6).
   rF:        It protects you from fire.
 j - a ring of willpower (right hand)
 p - an amulet of faith
 t - a ring of ice
 w - an amulet of regeneration (around neck)
Talismans
 b - a beast talisman
Wands
 n - a wand of roots (6)
 x - a wand of mindburst (16)
 y - a wand of paralysis (19)
 A - a wand of flame (11)
 F - a wand of polymorph (7)
Scrolls
 c - 6 scrolls of teleportation
 i - 2 scrolls of blinking
 z - 2 scrolls of fog
 D - a scroll of poison
 I - a scroll of amnesia
 L - a scroll of brand weapon
 M - a scroll of enchant armour
Potions
 a - 3 potions of lignification
 e - a potion of brilliance
 f - 2 potions of might
 g - 2 potions of cancellation
 k - 2 potions of haste
 l - a potion of curing
 m - a potion of enlightenment {unknown}
 s - 2 potions of mutation {unknown}
 G - a potion of berserk rage {unknown}
 N - a potion of resistance {unknown}
 P - 2 potions of attraction {unknown}


   Skills:
 + Level 3.1 Fighting
 - Level 1.0 Throwing
 + Level 4.8 Dodging
 * Level 12.4 Unarmed Combat
 * Level 6.8 Shapeshifting


You had 9 spell levels left.
You didn't know any spells.
Your spell library contained the following spells:

 Spells                   Type           Power      Damage    Failure   Level
 Freeze                   Ice            0%         1d3       28%         1
 Cigotuvi's Dreadful Rot  Necr/Pois/Air  0%         N/A       41%         2
 Frozen Ramparts          Ice            0%         1d1       65%         3
 Hailstorm                Conj/Ice       0%         3d3       65%         3
 Dispel Undead            Necr           0%         3d6       96%         4
 Petrify                  Tmut/Erth      0%         N/A       96%         4
 Metabolic Englaciation   Hex/Ice        0%         N/A       100%        5
 Death Channel            Necr           0%         N/A       100%        6


Dungeon Overview and Level Annotations

Branches:
Dungeon (9/15)             Temple (1/1) D:7            Lair (0/5) D:9
  Sewer (visited)
    Orc: D:9-12

Altars:
Ashenzari
Cheibriados
Elyvilon
Fedhas
Gozag
Hepliaklqana
Makhleb
Nemelex Xobeh
Okawaru
Ru
Trog
Uskayaw
Wu Jian
Xom
Yredelemnul
Zin
The Shining One

Annotations:
D:9 Harold


Innate Abilities, Weirdness & Mutations

Your life essence is reduced to manifest your ancestor. (-10% HP)
You can breathe blasts of fire.
Your fiery red scales are hard. (AC +7)
You cannot fit into any form of body armour.
Your flesh is heat resistant. (rF+)
You are cold-blooded and may be slowed by cold attacks.


Message History

Harold is lightly wounded.
The hound stops to sniff the ground.
You hit Harold.
Harold is lightly wounded.
Arammadara hits the wight but does no damage.
Harold barely misses you.
You closely miss the wight.
Arammadara hits the wight.
Harold misses you. The wight barely misses you.
The wight barely misses Arammadara.
You barely miss the wight.
The wight is lightly damaged.
Arammadara hits the wight.
Harold hits you with a +0 halberd! The wight barely misses you.
The wight barely misses Arammadara.
The wight hits you with a +1 scimitar!
You hit the wight but do no damage.
The wight is heavily damaged.
Arammadara hits the wight but does no damage.
You punch the wight!
You destroy the wight!
Harold barely misses you. The wight barely misses you. The wight misses you.
Harold throws a throwing net.
The throwing net hits you.
You become entangled in the net!
The wight hits you from afar with a +0 spear.
Things that are here:
a throwing net; a +1 battleaxe; a +0 robe You tear a large gash into the net.
Arammadara hits the wight but does no damage.
The wight hits Arammadara with a +2 scimitar of freezing!
Harold completely misses you.
The wight hits you from afar with a +0 spear!
* * * LOW HITPOINT WARNING * * *
You feel drained.
* * * LOW HITPOINT WARNING * * *
The wight hits Arammadara with a +1 scimitar!
You struggle against the net.
Arammadara closely misses the wight.
The wight hits you with a +1 scimitar!
* * * LOW HITPOINT WARNING * * *
You feel drained.
* * * LOW HITPOINT WARNING * * *
The wight hits you from afar with a +4 halberd of freezing!
You die...

#≈≈≈≈≈hhh +#####+##
#≈≈≈≈≈hhh ........#
#≈≈≈≈≈h≈h ........#
#~~≈≈≈≈≈≈ ........#
#≈..~≈≈≈≈ ........#
#.~.≈≈≈≈~ ........#
#@.~≈≈~.~ ........#
#.zz~~...
........#####@Rz...~.
.......R#......z.....
........'.#......#...
........#.#......# ..
#########........# .
...............#
..............)...+
.................#
#................#


You could see the friendly Arammadara the ancestor, Harold, 3 wolves, 2 hounds
and 4 wights.

Vanquished Creatures
  Gastronok (D:8)
  Erica (D:9)
  A hornet (D:9)
  2 steam dragons
  A water moccasin (Sewer)
  Duvessa (D:7)
  A black bear (D:8)
  An ice beast (D:7)
  An orc warrior (D:6)
  2 sky beasts
  An ogre (D:4)
  2 phantoms
  6 bullfrogs
  2 scorpions
  2 wights
  Dowan (D:7)
  5 killer bees (D:8)
  2 vampire bats (D:6)
  3 howler monkeys
  6 hounds
  2 gnoll boudas
  2 jellies
  An orc priest (D:7)
  2 sleepcaps
  5 iguanas
  3 orc wizards
  6 adders
  4 gnolls
  A river rat (D:6)
  A shadow imp (D:3)
  4 white imps
  2 worms
  2 dart slugs (D:4)
  9 orcs
  7 endoplasms
  4 giant cockroaches
  19 goblins
  10 hobgoblins
  17 jackals
  9 kobolds
  4 quokkas
  12 ball pythons
  15 bats
  3 frilled lizards
  3 rats
189 creatures vanquished.

Vanquished Creatures (collateral kills)
  An ogre (D:7)
  2 gnolls (D:8)
3 creatures vanquished.

Vanquished Creatures (others)
  A howler monkey (D:8)
  An iguana (D:5)
  An ancestor (D:8)
3 creatures vanquished.

Grand Total: 195 creatures vanquished

Notes
Turn   | Place    | Note
-------+----------+-------------------------------------------
     0 | D:1      | CraigForest the Draconian Shapeshifter began the quest for
                  | the Orb.
     0 | D:1      | Reached XP level 1. HP: 16/16 MP: 1/1
    65 | D:1      | Reached XP level 2. HP: 12/23 MP: 2/2
   377 | D:1      | Reached XP level 3. HP: 28/28 MP: 3/3
  1319 | D:3      | Reached XP level 4. HP: 35/35 MP: 4/4
  1415 | D:3      | Reached skill level 4 in Unarmed Combat
  2509 | D:4      | Reached XP level 5. HP: 30/40 MP: 5/5
  2796 | D:4      | Noticed an ogre
  2813 | D:4      | Killed an ogre
  2814 | D:4      | Reached XP level 6. HP: 46/47 MP: 6/6
  2992 | D:4      | Reached skill level 5 in Unarmed Combat
  3293 | D:4      | Identified a scroll of acquirement
  3293 | D:4      | Acquired the ring "Wynad Tobb" {rF+ Int+6}
  3309 | D:5      | Entered Level 5 of the Dungeon
  3424 | D:5      | Your scales start taking on a fiery red colour.
  3424 | D:5      | Reached XP level 7. HP: 52/52 MP: 7/7
  3424 | D:5      | Gained mutation: Your flesh is heat resistant. (rF+) [Red
                  | Draconian growth]
  3432 | D:5      | Reached skill level 1 in Throwing
  3432 | D:5      | Reached skill level 5 in Shapeshifting
  3527 | D:5      | Found a broken altar of Ashenzari.
  3550 | D:5      | Reached skill level 6 in Unarmed Combat
  3860 | D:5      | Found a glowing golden altar of the Shining One.
  4039 | D:6      | Reached skill level 7 in Unarmed Combat
  4152 | D:6      | Reached XP level 8. HP: 59/59 MP: 8/8
  4175 | D:6      | Reached skill level 8 in Unarmed Combat
  4574 | D:6      | Found a glowing drain.
  4593 | Sewer    | Entered a sewer
  4846 | D:6      | Reached skill level 9 in Unarmed Combat
  5066 | D:7      | Found a staircase to the Ecumenical Temple.
  5074 | Temple   | Entered the Ecumenical Temple
  5147 | Temple   | Became a worshipper of Hepliaklqana the Forgotten
  5444 | D:7      | Noticed Duvessa
  5445 | D:7      | Noticed Dowan
  5489 | D:7      | Killed Duvessa
  5490 | D:7      | Reached XP level 9. HP: 35/67 MP: 9/9
  5491 | D:7      | Killed Dowan
  5730 | D:7      | Reached * piety under Hepliaklqana
  5939 | D:8      | Reached skill level 10 in Unarmed Combat
  6232 | D:8      | Noticed Gastronok
  6247 | D:8      | Killed Gastronok
  6248 | D:8      | Reached skill level 11 in Unarmed Combat
  6259 | D:8      | Reached XP level 10. HP: 21/67 MP: 10/10
  6509 | D:8      | Found a hide-covered altar of Uskayaw.
  6516 | D:8      | Found an iron altar of Okawaru.
  6522 | D:8      | Found an opulent altar of Gozag.
  6528 | D:8      | Found a basalt altar of Yredelemnul.
  6532 | D:8      | Found a shimmering altar of Xom.
  6541 | D:8      | Found a sparkling altar of Nemelex Xobeh.
  6546 | D:8      | Found a snail-covered altar of Cheibriados.
  6689 | D:9      | Reached skill level 12 in Unarmed Combat
  6743 | D:9      | Noticed Erica
  6753 | D:9      | Killed Erica
  6783 | D:9      | Noticed Harold
  6785 | D:9      | Found a staircase to the Lair.
  6794 | D:9      | Mangled by a wight

Illustrated notes

Levels and vault maps discovered:
D:1:      minmay_arrival_jagged, layout_basic, st_stairs_2
D:2:      layout_basic, chequers_mini_garden
D:3:      cheibrodos_greedy_goblins, layout_loops_ring, serial_forest,
          infiniplex_forest_straight_4, infiniplex_forest_end_double,
          infiniplex_forest_zigzag_1, infiniplex_forest_clump_small,
          infiniplex_forest_straight_3, infiniplex_forest_straight_4,
          infiniplex_forest_3_way, infiniplex_forest_clump_diagonal
D:4:      layout_basic
D:5:      layout_loops_ring, amcnicky_altar_gilded,
          mainiacjoe_overflow_cross_hatched, serial_park_tiny_1
D:6:      layout_cave_pods, portal_sewer_entry_b, roderic_batcave,
          wad_floor_pattern_untrapped
D:7:      layout_gridville, minmay_temple_entry_fiery, uniq_duvessa
D:8:      layout_basic, grunt_temple_overflow_octagram, kennysheep_small_square,
          uniq_gastronok
D:9:      minmay_bubble_buster, layout_stronghold, erik_lair_island,
          minmay_fountain_box, grunt_ministairs_7, uniq_maurice, uniq_harold,
          uniq_erica
Temple:   nicolae_temple_godpark

Skill      XL: |  1  2  3  4  5  6  7  8  9 10 |
---------------+-------------------------------+-----
Unarmed Combat | 4 5 7 9 11 12 | 12.4
Dodging        | 2 3 4 |  4.8
Shapeshifting  | 4 5 6 |  6.8
Throwing       | 1 |  1.0
Fighting       | 2 3 |  3.1

Action                     |  1- 3 |  4- 6 |  7- 9 | 10-12 || total
---------------------------+-------+-------+-------+-------++-------
  Melee: Unarmed           |   123 |   250 |   230 |    48 ||   651
         Tailslap          |    14 |    36 |    22 |     7 ||    79
         Punch             |     3 |    11 |    13 |     1 ||    28
  Throw: Boomerang         |       |    17 |       |       ||    17
         Javelin           |       |       |     5 |       ||     5
Ability: Begin Untransform |       |     1 |       |     1 ||     2
         Breathe Fire      |       |       |     4 |     3 ||     7
    Use: Scroll            |       |    10 |     9 |       ||    19
   Stab: Sleeping          |       |     2 |       |       ||     2
 Armour: Skin              |    41 |    47 |    70 |    15 ||   173
  Dodge: Dodged            |    80 |    77 |   149 |    31 ||   337
   Form: Beast             |       |     1 |       |       ||     1

Table legend: (Time is in decaauts)
 A = Elapsed time spent in this place.
 B = Non-inter-level travel time spent in this place.
 C = Inter-level travel time spent in this place.
 D = Time resting spent in this place.
 E = Time spent auto-exploring this place.
 F = Levels seen in this place.
 G = Mean time per level.
                   A        B        C        D        E       F      G
               +--------+--------+--------+--------+--------+-----+--------+
         Total |   6736 |   5568 |   1168 |    111 |   4011 |  11 |  612.4 |
       Dungeon |   6533 |   5451 |   1082 |    111 |   3956 |   9 |  725.9 |
        Temple |     88 |      2 |     86 |      0 |      0 |   1 |   88.0 |
         Sewer |    113 |    113 |      0 |      0 |     54 |   1 |  113.0 |
               +--------+--------+--------+--------+--------+-----+--------+

Top non-repeatable levels by time:
     D:3: 1157 daAuts
     D:6: 874 daAuts
     D:7: 861 daAuts
     D:4: 823 daAuts
     D:8: 746 daAuts
     D:1: 678 daAuts
     D:5: 656 daAuts
     D:2: 630 daAuts
   Sewer: 113 daAuts
     D:9: 105 daAuts
  Temple: 88 daAuts
